 Dungeon Sprint DCSS version 0.17-a0-1778-gd369669 (webtiles) character file.

291 KambridgeKobold the Protected (level 6, -6/62 HPs)
             Began as a Minotaur Monk on Sept 8, 2015.
             Mangled by a yak (9 damage)
             ... in the Dungeon (Sprint I: "Red Sonja").
             The game lasted 00:01:24 (569 turns).

KambridgeKobold the Protected (Minotaur Monk)        Turns: 569, Time: 00:01:24

Health: -6/62      AC:  4    Str: 16    XL:     6   Next: 10%
Magic:  5/5        EV: 16    Int:  7    God:
Gold:   310        SH:  0    Dex: 14    Spells: 0 memorised, 5 levels left

rFire  . . .     SeeInvis .       - Unarmed
rCold  . . .     Clarity  .     j - +0 leather armour
rNeg   . . .     SustAt   .     (no shield)
rPois  .         Gourm    .     (helmet restricted)
rElec  .         Spirit   .     (no cloak)
rCorr  .         Warding  .     (no gloves)
rMut   .         NoTele   +     (no boots)
MR     .....                    (no amulet)
Stlth  ++........               (no ring)
                                (no ring)

@: not resistant to hostile enchantments, unstealthy
A: retaliatory headbutt, horns 2
a: no special abilities


You were in the Dungeon.
You were not hungry.

You visited 1 branch You collected 310 gold pieces.

Inventory:

Hand weapons
 l - a +0 scythe
Armour
 a - a +0 robe
 j - a +0 leather armour (worn)
Scrolls
 h - a scroll of blinking
Potions
 c - a potion of curing
 d - a potion of heal wounds
 e - a potion of haste
 f - 2 potions of magic
 g - a potion of berserk rage
 i - a potion of invisibility {unknown}
 k - a potion of flight {unknown}
Comestibles
 b - a bread ration


   Skills:
 + Level 8.4 Fighting
 + Level 10.6 Armour
 - Level 7.8 Dodging
 - Level 1.5 Stealth
 - Level 4.3 Unarmed Combat


You had 5 spell levels left.
You didn't know any spells.

Dungeon Overview and Level Annotations

Branches:
Dungeon (1/1)

Altars:
Elyvilon
Gozag
Kikubaaqudgha
Makhleb
Nemelex Xobeh
Okawaru
Qazlal
Ru
Sif Muna
Vehumet
Xom
Yredelemnul
Zin
The Shining One

Shops:
D ?


Innate Abilities, Weirdness & Mutations

You reflexively headbutt those who attack you in melee.
You have a pair of horns on your head.


Message History

You are too injured to fight recklessly!
You are too injured to fight recklessly!
You are too injured to fight recklessly!
You hit the yak. Your punch misses the yak.
The yak is moderately wounded.
The yak gores you!
* * * LOW HITPOINT WARNING * * *
You completely miss the yak. Your headbutt misses the yak.
The yak is moderately wounded.
The yak closely misses you.
You hit the yak.
The yak is heavily wounded.
The yak misses you.
You hit the yak. You headbutt the yak!
The yak is severely wounded.
The yak closely misses you.
You hit the yak.
The yak is almost dead.
The yak gores you!
You die...

################
#<.#..)..#..'..#
#..'..#..'[.#..+
#..#####+#####'#
#..# #..#...#.#
#..#__####..##.#
#..#_..__##'#..+
#⌠⌠#_.∩..Y@..._#
####_..._##_.#'#
#____ ##+#(#
#### ###


You could see a yak.

Vanquished Creatures
  Sigmund (D)
  An ogre (D)
  Ijyb (D)
  A jelly (D)
4 creatures vanquished.

Vanquished Creatures (others)
  A gargoyle (D)
1 creature vanquished.

Grand Total: 5 creatures vanquished

Notes
Turn   | Place    | Note
--------------------------------------------------------------
     0 | D        | KambridgeKobold the Minotaur Monk began the quest for the Orb.
     0 | D        | Reached XP level 1. HP: 19/19 MP: 0/0
     1 | D        | Noticed Ijyb
    11 | D        | Killed Ijyb
    11 | D        | Reached skill level 5 in Dodging
    11 | D        | Reached XP level 2. HP: 17/26 MP: 1/1
   121 | D        | Noticed an ogre
   129 | D        | Killed an ogre
   129 | D        | Reached skill level 7 in Armour
   129 | D        | Reached XP level 3. HP: 9/31 MP: 2/2
   129 | D        | Reached XP level 4. HP: 11/39 MP: 3/3
   249 | D        | Noticed Sigmund
   259 | D        | Killed Sigmund
   259 | D        | Reached skill level 8 in Fighting
   259 | D        | Reached skill level 10 in Armour
   259 | D        | Reached XP level 5. HP: 16/53 MP: 4/4
   482 | D        | Found a deep blue altar of Sif Muna.
   483 | D        | Noticed a jelly
   484 | D        | Found a radiant altar of Vehumet.
   490 | D        | Killed a jelly
   490 | D        | Reached XP level 6. HP: 48/62 MP: 5/5
   558 | D        | Found Fohaskit's Magic Scroll Emporium.
   558 | D        | Found a white marble altar of Elyvilon.
   558 | D        | Found a stormy altar of Qazlal.
   558 | D        | Found a burning altar of Makhleb.
   558 | D        | Found a sacrificial altar of Ru.
   558 | D        | Found a basalt altar of Yredelemnul.
   558 | D        | Found a glowing golden altar of the Shining One.
   558 | D        | Found a sparkling altar of Nemelex Xobeh.
   558 | D        | Found a shimmering altar of Xom.
   558 | D        | Found an opulent altar of Gozag.
   558 | D        | Found an ancient bone altar of Kikubaaqudgha.
   558 | D        | Found a glowing silver altar of Zin.
   558 | D        | Noticed a yak
   559 | D        | Found an iron altar of Okawaru.
   565 | D        | HP: 2/62 [yak (14)]
   568 | D        | Killed a gargoyle
   569 | D        | Mangled by a yak

Vault maps used:
D:        dungeon_sprint_1

Action                   |  1- 3 |  4- 6 || total
-------------------------+-------+-------++-------
Melee: Unarmed           |    14 |    20 ||    34
 Stab: Sleeping          |     1 |     2 ||     3
